[Event "Titled Tuesday Blitz May 23 Early 2023"]
[White "demon64fields"]
[Black "Alex_Sahakyan2006"]
[WhiteElo "2867"]
[BlackElo "2676"]
[Result "0-1"]
[Round "09"]
[TimeControl "180+2"]
[Date "2023.05.23"]
[WhiteClock "0:00:00"]
[BlackClock "0:00:14"]

1. Nf3 d5 2. g3 Bg4 3. Ne5 Bf5 4. d4 Nd7 5. Bg2 Nxe5 6. dxe5 e6 7. O-O c6 8. c4 dxc4 9. Qa4 Ne7 10. Rd1 Qc7 11. Qxc4 Nd5 12. e4 Nb6 13. Qb3 Bg4 14. f3 Bh5 15. g4 Bg6 16. f4 h5 17. f5 Bh7 18. fxe6 Bc5+ 19. Kh1 O-O 20. exf7+ Rxf7 21. e6 Rf2 22. Nc3 Qe7 23. Rf1 Rxf1+ 24. Bxf1 hxg4 25. Bf4 Kh8 26. Bg2 Bg8 27. Nd5 cxd5 28. exd5 Rf8 29. Qg3 Nxd5 30. Bxd5 Bxe6 31. Bg2 Bd7 32. Re1 Qf6 33. Be5 Qg5 34. Bc3 Bf2 35. Qd6 Rf7 36. Rf1 Bc6 37. Bxc6 bxc6 38. Qxc6 g3 39. h3 Kh7 40. Kg2 Qf5 41. a4 a5 42. b3 Rc7 0-1


[Site "https://www.chess.com"]

[Event "Titled Tuesday Blitz May 23 Early 2023"]
[White "Salinas Herrera, Pablo"]
[Black "Skliarov, Viktor"]
[WhiteFideId "3407128"]
[BlackFideId "14106736"]
[WhiteElo "2546"]
[BlackElo "2317"]
[Result "1-0"]
[Round "09"]
[TimeControl "180+2"]
[Date "2023.05.23"]
[WhiteClock "0:00:08"]
[BlackClock "0:00:05"]

1. e4 c5 2. Nf3 Nc6 3. Bb5 e6 4. O-O Nge7 5. Re1 Nd4 6. Bf1 Nec6 7. c3 Nxf3+ 8. Qxf3 Be7 9. Na3 O-O 10. Nc2 b6 11. d3 Bb7 12. Qg3 Bh4 13. Qh3 f5 14. e5 Be7 15. Qg3 Qe8 16. Bf4 Qg6 17. Qe3 Bd8 18. d4 cxd4 19. Nxd4 Nxd4 20. Qxd4 Bc6 21. Rad1 Be7 22. Qd3 Bg5 23. Qg3 Bxf4 24. Qxf4 a5 25. c4 a4 26. Rd6 Ra5 27. g3 Qh5 28. Bg2 g5 29. Qd4 Bxg2 30. Kxg2 f4 31. Qxb6 fxg3 32. hxg3 Qf3+ 33. Kg1 Raa8 34. Qe3 Rab8 35. Qxg5+ Kh8 36. Qd2 a3 37. b3 Rg8 38. Rd3 Qf5 39. Ree3 Rbf8 40. Rxd7 Qh3 41. Rd4 Rf5 42. Qe2 Rh5 43. Qf3 Qh2+ 44. Kf1 Rf5 45. Qg2 Qh5 46. Ke1 Rxe5 47. Rxe5 Qxe5+ 48. Qe4 Qh5 49. Rd3 e5 50. Re3 Qh2 51. Qxe5+ Rg7 52. Qe8+ Rg8 53. Qe5+ Rg7 54. Qd4 Qh1+ 55. Ke2 Qa8 56. Re7 Qf8 57. Qxg7+ Qxg7 58. Rxg7 Kxg7 59. Ke3 1-0


[Site "https://www.chess.com"]

[Event "Titled Tuesday Blitz May 23 Early 2023"]
[White "Maltsevskaya, Aleksandra"]
[Black "Molina, Roberto Junio Brito"]
[WhiteFideId "24174041"]
[BlackFideId "2109450"]
[WhiteElo "2302"]
[BlackElo "2376"]
[Result "0-1"]
[Round "09"]
[TimeControl "180+2"]
[Date "2023.05.23"]
[WhiteClock "0:00:00"]
[BlackClock "0:00:18"]

1. Nf3 d5 2. g3 c6 3. d3 Bg4 4. Bg2 Nd7 5. Nbd2 e6 6. h3 Bh5 7. O-O Bd6 8. e4 Ne7 9. g4 Bg6 10. Nh4 Qc7 11. exd5 cxd5 12. Nb3 Bh2+ 13. Kh1 Bf4 14. c4 O-O 15. Nxg6 Nxg6 16. cxd5 exd5 17. Bxd5 Nf6 18. Bg2 Nh4 19. Be3 Nxg2 20. Kxg2 Nd5 21. Bd4 b6 22. Qf3 Rad8 23. Rfe1 Qd7 24. Re4 Bb8 25. g5 a5 26. a4 Bc7 27. Rc1 Rfe8 28. Kg1 Qd6 29. Rce1 Rf8 30. Be5 Qd7 31. Nd4 Bxe5 32. Rxe5 Nb4 33. Nf5 Nxd3 34. Nh6+ Kh8 0-1


[Site "https://www.chess.com"]

[Event "Titled Tuesday Blitz May 23 Early 2023"]
[White "Gharibyan, Mamikon"]
[Black "bubeliang"]
[WhiteFideId "13308300"]
[WhiteElo "2445"]
[BlackElo "2624"]
[Result "1-0"]
[Round "09"]
[TimeControl "180+2"]
[Date "2023.05.23"]
[WhiteClock "0:00:05"]
[BlackClock "0:00:01"]

1. b3 Nf6 2. Bb2 g6 3. e4 d6 4. Nf3 Bg7 5. Bd3 O-O 6. O-O e5 7. Re1 Nc6 8. Bf1 Re8 9. Nc3 Bg4 10. h3 Bxf3 11. Qxf3 Nd4 12. Qd1 Nh5 13. Nd5 c6 14. Ne3 Ne6 15. g3 Rc8 16. d3 Bh6 17. h4 Bxe3 18. Rxe3 Nhg7 19. Bh3 h5 20. Kg2 Qe7 21. d4 Rcd8 22. d5 cxd5 23. Qxd5 Rc8 24. c4 Rc6 25. Rd1 Rd8 26. a4 Ne8 27. b4 Rdc8 28. c5 Nf6 29. Qc4 dxc5 30. b5 Rd6 31. Rxd6 Qxd6 32. Rd3 Qe7 33. Bxe5 Rd8 34. Rxd8+ Nxd8 35. Bxf6 Qxf6 36. Qxc5 Ne6 37. Qxa7 Nd4 38. Qb8+ Kg7 39. Qf4 Qxf4 40. gxf4 b6 41. f3 Nb3 42. Kf2 Nc5 43. Ke3 Nxa4 44. Kd4 Kf6 45. e5+ Ke7 46. Kd5 Nb2 47. Kc6 Nc4 48. Bf1 Ne3 49. Bd3 Ng2 50. Kxb6 Nxf4 51. Bc4 g5 52. Kc7 gxh4 53. b6 h3 54. b7 Ne6+ 55. Kc8 Kf8 56. b8=Q h2 57. Qd6+ Kg7 58. Qd1 Ng5 59. Qh1 Nh7 60. Qxh2 Nf8 61. Qxh5 Ng6 62. e6 fxe6 63. Qg5 e5 64. Kd7 e4 65. fxe4 Kh7 66. Bf7 Nf8+ 67. Ke8 Ne6 68. Qg6+ Kh8 69. Qg8# 1-0


[Site "https://www.chess.com"]

[Event "Titled Tuesday Blitz May 23 Early 2023"]
[White "Bryakin, Mikhail"]
[Black "Jeet, Jain"]
[WhiteFideId "4165314"]
[BlackFideId "5073022"]
[WhiteElo "2467"]
[BlackElo "2067"]
[Result "1-0"]
[Round "09"]
[TimeControl "180+2"]
[Date "2023.05.23"]
[WhiteClock "0:00:21"]
[BlackClock "0:00:03"]

1. e4 Nc6 2. Nf3 d6 3. d4 Bg4 4. Be2 Bxf3 5. Bxf3 e5 6. c3 Nf6 7. O-O g6 8. Be3 Bg7 9. Nd2 O-O 10. g3 Nd7 11. d5 Ne7 12. Bg2 f5 13. exf5 Nxf5 14. Ne4 Nxe3 15. fxe3 Qe7 16. Qe2 Bh6 17. Bh3 Nf6 18. Be6+ Kg7 19. Nf2 c6 20. c4 Nd7 21. Ne4 Nc5 22. Nxc5 dxc5 23. h4 Rxf1+ 24. Rxf1 Rf8 25. Rxf8 Qxf8 26. Kg2 cxd5 27. cxd5 a6 28. e4 b5 29. b3 Bc1 30. Bd7 Qd6 31. Bc6 Ba3 32. h5 Bb4 33. Qe3 c4 34. bxc4 bxc4 35. h6+ Kg8 36. Qa7 Qf8 37. Qxa6 c3 38. Qc4 Bc5 39. Qxc3 Qf2+ 40. Kh3 Qf1+ 41. Kg4 Qh1 42. Qxe5 Qxh6 43. Bd7 Qh5+ 44. Qxh5 gxh5+ 45. Kxh5 Bd6 46. Kg4 Kg7 47. a4 Kf6 48. a5 Ke5 49. Bf5 Bc5 50. Bxh7 Bb4 51. a6 Bc5 52. Bf5 Bb6 53. Kh5 Ba7 54. g4 Bb6 55. g5 Ba7 56. g6 Kf6 57. Kh6 Be3+ 58. Kh7 Bd4 59. g7 1-0


[Site "https://www.chess.com"]

[Event "Titled Tuesday Blitz May 23 Early 2023"]
[White "Vakhlamov, Igor L."]
[Black "Sielecki, Christof"]
[WhiteFideId "24126748"]
[BlackFideId "4620437"]
[WhiteElo "2407"]
[BlackElo "2443"]
[Result "1-0"]
[Round "09"]
[TimeControl "180+2"]
[Date "2023.05.23"]
[WhiteClock "0:00:06"]
[BlackClock "0:00:00"]

1. e4 c5 2. Nf3 a6 3. Nc3 b5 4. g3 Bb7 5. d3 e6 6. Bg2 Be7 7. O-O d6 8. Re1 Nd7 9. e5 Bxf3 10. Qxf3 Rb8 11. exd6 Bxd6 12. Ne4 Be7 13. Bf4 e5 14. Bd2 Ngf6 15. Nxf6+ Bxf6 16. a4 b4 17. a5 Qc7 18. h4 O-O 19. Qe4 Rfe8 20. b3 Nf8 21. h5 Ne6 22. Be3 Nd4 23. Bxd4 cxd4 24. Re2 Rb5 25. h6 g6 26. Qc6 Qxc6 27. Bxc6 Reb8 28. Bxb5 Rxb5 29. f4 Kf8 30. Kg2 Ke7 31. Kf3 Ke6 32. g4 Bh8 33. Re4 f5 34. Re2 Bf6 35. gxf5+ Kxf5 36. fxe5 Bxe5 37. Re4 g5 38. Rae1 Rxa5 39. R4e2 Rc5 40. Kg2 Bf4 41. Rf1 Kg4 42. Rff2 Be3 43. Rf7 Kh5 44. Rxh7 Kg6 45. Ra7 Kxh6 46. Rxa6+ Kh5 47. Rb6 Kg4 48. Rxb4 Kf4 49. Rc4 Re5 50. c3 g4 51. cxd4 1-0


[Site "https://www.chess.com"]

[Event "Titled Tuesday Blitz May 23 Early 2023"]
[White "Gorovets, Andrey"]
[Black "brm72"]
[WhiteFideId "13504037"]
[WhiteElo "2459"]
[BlackElo "2612"]
[Result "1/2-1/2"]
[Round "09"]
[TimeControl "180+2"]
[Date "2023.05.23"]
[WhiteClock "0:01:58"]
[BlackClock "0:00:54"]

1. Nf3 c5 2. c4 Nc6 3. Nc3 g6 4. e3 Nf6 5. d4 cxd4 6. exd4 d5 7. cxd5 Nxd5 8. Qb3 Nxc3 9. Bc4 Nd5 10. Bxd5 e6 11. Bxc6+ bxc6 12. O-O Qd5 13. Bf4 f6 14. Rfc1 Be7 15. Qxd5 cxd5 16. Rc7 Bd7 17. Rac1 g5 18. Bd2 Bd6 19. Rb7 Ke7 20. Ne1 Rhb8 21. Rxb8 Rxb8 22. Nd3 h5 23. b3 Bb5 24. Bb4 Bxd3 25. Rc7+ Kd8 26. Bxd6 Rb6 27. Bg3 h4 28. Rc3 hxg3 29. Rxd3 gxh2+ 30. Kxh2 Kd7 1/2-1/2


[Site "https://www.chess.com"]

[Event "Titled Tuesday Blitz May 23 Early 2023"]
[White "Radzhabov, Rodion"]
[Black "djokovic74"]
[WhiteFideId "884715"]
[WhiteElo "2215"]
[BlackElo "2611"]
[Result "0-1"]
[Round "09"]
[TimeControl "180+2"]
[Date "2023.05.23"]
[WhiteClock "0:00:12"]
[BlackClock "0:00:09"]

1. e4 e6 2. Nc3 d5 3. Qe2 Be7 4. f4 Nf6 5. d3 c5 6. Nf3 Nc6 7. e5 Nd7 8. g3 O-O 9. Bg2 Rb8 10. O-O b5 11. Nd1 Qc7 12. h4 Bb7 13. h5 d4 14. h6 g6 15. Nf2 Nb4 16. a3 Nd5 17. Ne4 Rfc8 18. Nfg5 c4 19. Qg4 Bxg5 20. fxg5 Nxe5 21. Qf4 Nxf4 22. Bxf4 Bxe4 23. Bxe4 Qc5 24. Rae1 Rb6 25. Bb7 Rxb7 26. Rxe5 Qc6 27. Re2 cxd3 28. cxd3 Qd7 29. Be5 Rc5 30. Rf4 Rd5 31. b4 Rb6 32. Ree4 Rc6 33. Rxd4 Rc2 34. Bf6 Qc6 35. Rf2 Rxf2 36. Kxf2 Rxd4 37. Bxd4 a6 38. Ke3 Qd5 39. Bf6 Kf8 40. Bd4 Ke8 41. Bc5 Kd7 42. Bd4 Kc6 43. Bf6 Qf5 44. Be7 Kd5 45. Bf6 Qg4 46. Kf2 Qd1 47. Ke3 Qb3 48. Be7 Qxa3 0-1


[Site "https://www.chess.com"]

[Event "Titled Tuesday Blitz May 23 Early 2023"]
[White "Hansen, Eric"]
[Black "Ilkhomi, Jaloliddin"]
[WhiteFideId "2606771"]
[BlackFideId "14700948"]
[WhiteElo "2561"]
[BlackElo "2045"]
[Result "1-0"]
[Round "09"]
[TimeControl "180+2"]
[Date "2023.05.23"]
[WhiteClock "0:01:44"]
[BlackClock "0:00:28"]

1. f4 Nf6 2. Nf3 e6 3. b3 b6 4. Bb2 Bb7 5. e3 d5 6. Bd3 Nbd7 7. O-O Bd6 8. Ne5 Qe7 9. a4 a6 10. Qe1 Bxe5 11. fxe5 Ne4 12. Bxe4 dxe4 13. Qg3 g6 14. Ba3 c5 15. Nc3 O-O 16. Rf2 h6 17. h4 Kg7 18. Raf1 f5 19. exf6+ Nxf6 20. Qe5 Rad8 21. a5 Qd6 22. Qxd6 Rxd6 23. axb6 Rc6 24. Na4 Nd7 25. Rxf8 Nxf8 26. Nxc5 1-0


[Site "https://www.chess.com"]

[Event "Titled Tuesday Blitz May 23 Early 2023"]
[White "Kleiman, Jake"]
[Black "Siva Mahadevan"]
[WhiteFideId "2020041"]
[BlackFideId "25043153"]
[WhiteElo "2630"]
[BlackElo "2249"]
[Result "1-0"]
[Round "09"]
[TimeControl "180+2"]
[Date "2023.05.23"]
[WhiteClock "0:01:26"]
[BlackClock "0:00:05"]

1. e4 c5 2. c3 e5 3. Nf3 Nc6 4. Bc4 Be7 5. O-O Nf6 6. d3 O-O 7. a4 d6 8. Re1 Be6 9. Nbd2 h6 10. Nf1 Qd7 11. Ng3 Rfe8 12. a5 Bf8 13. a6 b6 14. Bb5 Rac8 15. d4 exd4 16. cxd4 d5 17. Ne5 Qd6 18. Nxc6 dxe4 19. Nxa7 Bg4 20. Nxc8 Rxc8 21. Be2 Be6 22. dxc5 Qxc5 23. Be3 Qe5 24. a7 Ra8 25. Qd4 Qc7 26. Qxb6 Qe5 27. Ra5 Nd5 28. Qb7 1-0


[Site "https://www.chess.com"]

[Event "Titled Tuesday Blitz May 23 Early 2023"]
[White "Manukyan, Sargis A."]
[Black "Fier, Alexandr"]
[WhiteFideId "13303970"]
[BlackFideId "2107139"]
[WhiteElo "2187"]
[BlackElo "2610"]
[Result "0-1"]
[Round "09"]
[TimeControl "180+2"]
[Date "2023.05.23"]
[WhiteClock "0:00:10"]
[BlackClock "0:00:52"]

1. d4 Nf6 2. c4 e5 3. dxe5 Ne4 4. Nf3 Nc6 5. e3 d6 6. Be2 Bf5 7. O-O dxe5 8. Nbd2 Bd6 9. Nxe4 Bxe4 10. Bd2 Qf6 11. Qb3 Qh6 12. c5 Bxc5 13. Qxb7 Rb8 14. Qxc7 O-O 15. Qd7 Rfd8 16. Qh3 Qf6 17. Bc3 Bf5 18. Qh4 Qe6 19. Qc4 Qe7 20. Rfd1 Be6 21. Qh4 Qxh4 22. Nxh4 e4 23. g3 Nb4 24. Ng2 Nd3 25. Bxd3 exd3 26. Nf4 Bf5 27. Rd2 g5 28. Nh5 Kf8 29. Nf6 Be7 30. e4 Bg6 31. f3 Rd6 32. Nd5 f5 33. Nxe7 Kxe7 34. e5 Rd5 35. f4 gxf4 36. gxf4 Bh5 37. Kf2 Rg8 38. Rg1 Rxg1 39. Kxg1 Rd8 40. Kf2 Be2 41. b4 Ke6 42. a4 Kd5 43. Ke3 Kc4 44. Ba1 Rg8 45. Rb2 Rg1 46. e6 Rxa1 47. e7 Bh5 48. Kf2 Kc3 49. b5 Kxb2 50. b6 axb6 51. Ke3 Kc3 52. a5 bxa5 53. e8=Q Bxe8 54. Kf2 d2 55. h3 d1=Q 56. Kg3 Qg1+ 57. Kh4 Bb5 58. Kh5 Qg2 59. Kh4 Rg1 60. Kh5 Qg6+ 61. Kh4 Qh6# 0-1


[Site "https://www.chess.com"]

[Event "Titled Tuesday Blitz May 23 Early 2023"]
[White "Korchmar, Vasiliy"]
[Black "Rostovtsev, Dmitry"]
[WhiteFideId "24131750"]
[BlackFideId "34278320"]
[WhiteElo "2370"]
[BlackElo "2344"]
[Result "0-1"]
[Round "09"]
[TimeControl "180+2"]
[Date "2023.05.23"]
[WhiteClock "0:00:00"]
[BlackClock "0:00:34"]

1. e4 c5 2. Nf3 Nc6 3. d4 cxd4 4. Nxd4 Nf6 5. Nc3 d6 6. Be2 e5 7. Nb3 h6 8. O-O Be7 9. Be3 Be6 10. Qd3 O-O 11. a3 d5 12. exd5 Nxd5 13. Nxd5 Qxd5 14. Qxd5 Bxd5 15. Rfd1 Rfd8 16. Rd2 b6 17. Rad1 Bxb3 18. cxb3 Rxd2 19. Rxd2 Rd8 20. Rxd8+ Nxd8 21. Bc4 Kf8 22. Bd5 Bd6 23. Kf1 Ke7 24. Ke2 Ne6 25. g3 Bc5 26. Kd3 Bxe3 27. fxe3 Kd6 28. e4 f5 29. b4 f4 30. Ke2 Nd4+ 31. Kd3 Nf3 32. gxf4 exf4 33. h3 Ke5 34. a4 g5 35. Bb7 h5 36. Bc8 g4 37. hxg4 h4 38. Ke2 Ng5 39. Bf5 Nxe4 40. Kf3 Ng5+ 41. Kf2 f3 42. a5 Kf4 0-1


[Site "https://www.chess.com"]

[Event "Titled Tuesday Blitz May 23 Early 2023"]
[White "Ilamparthi A R"]
[Black "HamedWafa4"]
[WhiteFideId "45015775"]
[WhiteElo "2348"]
[BlackElo "2616"]
[Result "1/2-1/2"]
[Round "09"]
[TimeControl "180+2"]
[Date "2023.05.23"]
[WhiteClock "0:00:12"]
[BlackClock "0:00:09"]

1. e4 e5 2. Nf3 Nc6 3. d3 g6 4. g3 Bg7 5. Bg2 Nge7 6. O-O O-O 7. Re1 d6 8. c3 h6 9. d4 exd4 10. cxd4 Bg4 11. Be3 d5 12. e5 Nf5 13. Nc3 Nxe3 14. fxe3 f6 15. exf6 Bxf6 16. Qb3 Ne7 17. Ne5 Be6 18. e4 Bxe5 19. dxe5 c6 20. Rad1 Qb6+ 21. Qxb6 axb6 22. exd5 cxd5 23. Nxd5 Nxd5 24. Bxd5 Bxd5 25. Rxd5 Rxa2 26. Rb5 Ra6 27. Kg2 Re8 28. Rd1 Ra5 29. Rxb6 Raxe5 30. Rxg6+ Kf7 31. Rb6 R8e7 32. Rxh6 Kg7 33. Rb6 Re2+ 34. Kh3 Rc7 35. Rd4 Rcc2 36. Rxb7+ Kf6 37. b4 Rxh2+ 38. Kg4 Rhg2 39. Rf4+ Ke6 40. b5 Rc3 41. Rf3 Rc4+ 42. Kh3 Rb2 43. Re3+ Kf5 44. Rd3 Rc8 45. Rd5+ Ke4 46. Rh5 Rg8 47. Re7+ Kd4 48. Rh4+ Kd5 49. Rd7+ Ke6 50. Rb7 Rb3 51. Rg4 Rh8+ 52. Kg2 Rb2+ 53. Kf3 Rc8 54. Re4+ Kf5 55. g4+ Kg5 56. Re5+ Kf6 57. Rf5+ Kg6 58. Rb6+ Kg7 59. Kf4 Rg2 60. Rb7+ Kg6 61. Rb6+ Kg7 62. Rc6 Rd8 63. Rg5+ Kf7 64. Rf5+ Ke7 65. Rc4 Rg8 66. Re4+ Kd6 67. Kf3 Rg1 68. b6 Rf1+ 69. Ke3 Re1+ 70. Kf3 Rxe4 71. Kxe4 Rxg4+ 72. Kf3 Rb4 73. Rf6+ Kc5 74. Ke3 Rxb6 75. Rf5+ Kc6 76. Kd4 Rb4+ 77. Kc3 Rh4 78. Rf6+ Kc5 79. Rf5+ Kc6 80. Rf6+ Kc5 81. Rf5+ Kc6 1/2-1/2


[Site "https://www.chess.com"]

[Event "Titled Tuesday Blitz May 23 Early 2023"]
[White "Zemlyanskii, Ivan"]
[Black "Fiorito, Joaquin"]
[WhiteFideId "24249971"]
[BlackFideId "180173"]
[WhiteElo "2421"]
[BlackElo "2157"]
[Result "0-1"]
[Round "09"]
[TimeControl "180+2"]
[Date "2023.05.23"]
[WhiteClock "0:00:01"]
[BlackClock "0:00:59"]

1. d4 Nf6 2. c4 e6 3. Bf4 d5 4. Nc3 Be7 5. e3 O-O 6. Nf3 c5 7. dxc5 Bxc5 8. cxd5 exd5 9. Be2 Nc6 10. O-O Be6 11. Rc1 Qe7 12. Na4 Bd6 13. Bxd6 Qxd6 14. Nc3 a6 15. Nd4 Rac8 16. Qd2 Ne5 17. b3 b5 18. Nxe6 fxe6 19. f4 Nc6 20. Bf3 Rfd8 21. Ne2 e5 22. fxe5 Qxe5 23. Nd4 Nxd4 24. exd4 Qd6 25. Qg5 Re8 26. Qf5 Rxc1 27. Rxc1 Qb4 28. Bxd5+ Kh8 29. Be6 Qxd4+ 30. Kf1 Ne4 31. Qf7 Qd3+ 32. Ke1 Qe3+ 33. Kd1 Qd2# 0-1


[Site "https://www.chess.com"]

[Event "Titled Tuesday Blitz May 23 Early 2023"]
[White "Omelja, Artem"]
[Black "Seo, Jung Min"]
[WhiteFideId "14119846"]
[BlackFideId "1734687"]
[WhiteElo "2404"]
[BlackElo "2468"]
[Result "1/2-1/2"]
[Round "09"]
[TimeControl "180+2"]
[Date "2023.05.23"]
[WhiteClock "0:00:13"]
[BlackClock "0:01:22"]

1. e4 c5 2. Nf3 e6 3. d3 d5 4. Nbd2 g6 5. g3 Bg7 6. Bg2 Nc6 7. O-O Nge7 8. Re1 Qc7 9. Qe2 O-O 10. e5 f6 11. exf6 Bxf6 12. Nb3 Nf5 13. c3 b6 14. Bf4 Qe7 15. Ne5 Nd8 16. Ng4 Bg7 17. Be5 Nc6 18. Bxg7 Qxg7 19. Ne5 Qxe5 20. Qxe5 Nxe5 21. Rxe5 Bd7 22. Rc1 Rae8 23. d4 cxd4 24. Nxd4 Nxd4 25. cxd4 Rc8 26. Ree1 Kf7 27. f4 h6 28. Kf2 g5 29. Ke3 Kf6 30. Bf3 a5 31. a3 Ke7 32. fxg5 hxg5 33. h4 gxh4 34. gxh4 Kd6 35. Rxc8 Rxc8 36. Kf4 Rf8+ 37. Kg3 Rg8+ 38. Kf4 Rf8+ 39. Kg3 Rg8+ 40. Kf2 Rh8 41. h5 Be8 42. Re5 Bf7 43. Kg3 Ke7 44. Bxd5 Rxh5 45. Rxh5 Bxh5 46. Be4 Kd6 47. Kf4 Be2 48. Ke3 Bc4 49. Kf4 Bd5 50. Bd3 Bb3 51. Ke4 Ba2 52. Bb5 Bd5+ 53. Kd3 e5 54. dxe5+ Kxe5 55. Bc4 Bc6 56. Bb3 1/2-1/2


[Site "https://www.chess.com"]

[Event "Titled Tuesday Blitz May 23 Early 2023"]
[White "Djordjevic, Vuk"]
[Black "Thecourseoisildur"]
[WhiteFideId "902098"]
[WhiteElo "2452"]
[BlackElo "2588"]
[Result "1-0"]
[Round "09"]
[TimeControl "180+2"]
[Date "2023.05.23"]
[WhiteClock "0:01:49"]
[BlackClock "0:00:00"]

1. d4 Nf6 2. Bg5 d5 3. Bxf6 gxf6 4. e3 c5 5. dxc5 e6 6. Nf3 Bxc5 7. c4 dxc4 8. Nbd2 c3 9. bxc3 Nc6 10. Qc2 f5 11. h3 Qf6 12. g4 e5 13. gxf5 Bxf5 14. Ne4 Qg6 15. Bd3 Qg2 16. Ke2 Bxe4 17. Bxe4 Qg7 18. Bxc6+ bxc6 19. Qe4 Bd6 20. Qxc6+ Ke7 21. Rhd1 Rhd8 22. Rxd6 Rxd6 23. Qxa8 e4 24. Qxe4+ Kf8 25. Nd4 Qg5 26. Rb1 Qh5+ 27. Qg4 Qc5 28. Nf5 Qxc3 29. Rb8+ 1-0


[Site "https://www.chess.com"]

[Event "Titled Tuesday Blitz May 23 Early 2023"]
[White "Karthik Rajaa"]
[Black "Spata, German"]
[WhiteFideId "25035215"]
[BlackFideId "113026"]
[WhiteElo "2215"]
[BlackElo "2260"]
[Result "1-0"]
[Round "09"]
[TimeControl "180+2"]
[Date "2023.05.23"]
[WhiteClock "0:00:24"]
[BlackClock "0:00:05"]

1. Nf3 Nf6 2. b3 e6 3. Bb2 b6 4. g3 Bb7 5. Bg2 Be7 6. O-O O-O 7. c4 c5 8. e3 d5 9. d3 Nc6 10. Qe2 Qc7 11. Nc3 Rad8 12. Rad1 Qb8 13. Nb1 Rd7 14. Ne1 Rfd8 15. f4 dxc4 16. bxc4 Nb4 17. Bxb7 Qxb7 18. a3 Nc6 19. Ng2 a6 20. g4 b5 21. g5 Ne8 22. cxb5 axb5 23. h4 b4 24. h5 bxa3 25. Nxa3 Nb4 26. Ne1 Nd6 27. g6 Nf5 28. gxf7+ Kxf7 29. Kh2 Bh4 30. Nc4 Bf6 31. Nf3 Nxd3 32. Rxd3 Rxd3 33. Nfe5+ Bxe5 34. Nxe5+ Kg8 35. Nxd3 c4 36. Ne5 Qb4 37. Bd4 Nxd4 38. exd4 Rxd4 39. Rf2 c3 40. Nc6 Qb2 41. Nxd4 1-0


[Site "https://www.chess.com"]

[Event "Titled Tuesday Blitz May 23 Early 2023"]
[White "robertoalejandro10"]
[Black "Nazari, Arad"]
[BlackFideId "12577324"]
[WhiteElo "2571"]
[BlackElo "2175"]
[Result "0-1"]
[Round "09"]
[TimeControl "180+2"]
[Date "2023.05.23"]
[WhiteClock "0:00:07"]
[BlackClock "0:01:02"]

1. Nf3 c5 2. c4 Nc6 3. g3 g6 4. Bg2 Bg7 5. O-O d6 6. Nc3 Bg4 7. b3 Qd7 8. Bb2 Bh3 9. Bxh3 Qxh3 10. Qc1 Nf6 11. Nd5 O-O 12. Nxf6+ exf6 13. e3 Ne5 14. Nxe5 fxe5 15. d4 Rad8 16. dxc5 dxc5 17. Qc2 Qg4 18. Kg2 e4 19. Bxg7 Qf3+ 20. Kg1 Kxg7 21. Rfe1 Rd3 22. Re2 Rfd8 23. Rae1 b6 24. Qb2+ f6 25. Rc2 h5 26. h4 Rd1 27. Re2 Kf7 28. Qc2 R1d3 29. Rf1 g5 30. hxg5 h4 31. g6+ Kxg6 32. gxh4 Qg4+ 33. Kh2 Qxh4+ 34. Kg2 Qg4+ 35. Kh2 Rh8# 0-1


[Site "https://www.chess.com"]

[Event "Titled Tuesday Blitz May 23 Early 2023"]
[White "Garv Gaur"]
[Black "Weetik, Vjacheslav"]
[WhiteFideId "45030839"]
[BlackFideId "4153472"]
[WhiteElo "2068"]
[BlackElo "2469"]
[Result "0-1"]
[Round "09"]
[TimeControl "180+2"]
[Date "2023.05.23"]
[WhiteClock "0:00:08"]
[BlackClock "0:01:15"]

1. Nf3 Nf6 2. d4 e6 3. c4 d5 4. g3 Bb4+ 5. Bd2 Be7 6. Bg2 c6 7. O-O Nbd7 8. Qc2 b6 9. Rd1 Ba6 10. b3 O-O 11. Bf4 Rc8 12. Ne5 Nxe5 13. dxe5 Nd7 14. Nc3 b5 15. cxd5 cxd5 16. Qb2 Qa5 17. Bd2 Ba3 18. Qb1 Rxc3 19. Bxc3 Qxc3 20. e4 Nxe5 21. exd5 Bb2 22. dxe6 fxe6 23. Bh3 Bb7 24. Bxe6+ Kh8 0-1


[Site "https://www.chess.com"]

[Event "Titled Tuesday Blitz May 23 Early 2023"]
[White "Ashraf, Artin"]
[Black "Ibadov, Dashgyn"]
[WhiteFideId "22514805"]
[BlackFideId "24107514"]
[WhiteElo "2188"]
[BlackElo "2208"]
[Result "1-0"]
[Round "09"]
[TimeControl "180+2"]
[Date "2023.05.23"]
[WhiteClock "0:01:03"]
[BlackClock "0:00:17"]

1. Nf3 d5 2. e3 Nf6 3. b3 Bf5 4. c4 e6 5. Nc3 h6 6. Bb2 Be7 7. Rc1 O-O 8. d4 c6 9. Bd3 Bxd3 10. Qxd3 Nbd7 11. O-O Bb4 12. Ne2 Qe7 13. c5 Ba5 14. a3 Bc7 15. b4 e5 16. dxe5 Nxe5 17. Nxe5 Bxe5 18. Bxe5 Qxe5 19. Qd4 Qe7 20. Ng3 Qe6 21. f3 Rfe8 22. Rfe1 a5 23. Rb1 axb4 24. axb4 Ra2 25. b5 Rea8 26. Rb4 Rc2 27. Re2 Rc1+ 28. Kf2 Raa1 29. bxc6 bxc6 30. Rb8+ Kh7 31. Qd3+ g6 32. Qd4 h5 33. Rd8 h4 34. Qxh4+ Nh5 35. Nxh5 Rf1+ 36. Kg3 gxh5 37. Qxh5+ Kg7 38. Qh8+ Kg6 39. Rg8+ 1-0


[Site "https://www.chess.com"]

[Event "Titled Tuesday Blitz May 23 Early 2023"]
[White "Volkov, Maksim"]
[Black "Han, Yichen"]
[WhiteFideId "54123070"]
[BlackFideId "1054430"]
[WhiteElo "2297"]
[BlackElo "2342"]
[Result "1-0"]
[Round "09"]
[TimeControl "180+2"]
[Date "2023.05.23"]
[WhiteClock "0:01:17"]
[BlackClock "0:00:45"]

1. d4 d5 2. c4 e6 3. Nf3 Nf6 4. g3 dxc4 5. Bg2 c6 6. Ne5 Bb4+ 7. Bd2 Be7 8. e3 b5 9. a4 Nd5 10. axb5 cxb5 11. Nc3 b4 12. Nxd5 exd5 13. Qa4+ Bd7 14. Nxd7 Qxd7 15. Bxd5 O-O 16. Bxa8 Qc7 17. Qxa7 Qd6 18. O-O Nd7 19. Ra6 1-0


[Site "https://www.chess.com"]

[Event "Titled Tuesday Blitz May 23 Early 2023"]
[White "Samunenkov, Ihor"]
[Black "Gontcharov, Vladislav"]
[WhiteFideId "14187086"]
[BlackFideId "4123492"]
[WhiteElo "2457"]
[BlackElo "2420"]
[Result "1-0"]
[Round "09"]
[TimeControl "180+2"]
[Date "2023.05.23"]
[WhiteClock "0:00:23"]
[BlackClock "0:00:00"]

1. d4 Nf6 2. c4 c5 3. d5 e6 4. Nc3 exd5 5. cxd5 d6 6. e4 g6 7. h3 Bg7 8. Nf3 O-O 9. Be3 Re8 10. Nd2 Na6 11. Be2 Nc7 12. a4 b6 13. O-O Ba6 14. Re1 Bxe2 15. Qxe2 a6 16. Qd3 Nd7 17. f4 g5 18. Nc4 gxf4 19. Bxf4 Ne5 20. Bxe5 Bxe5 21. Nxb6 Rb8 22. Nc4 Rb4 23. Kh1 Qg5 24. Rf1 Qg3 25. Nxe5 Qxe5 26. Rf5 Qg7 27. Raf1 Rd4 28. Qe3 Re5 29. Rxf7 Qxf7 30. Rxf7 Kxf7 31. Qh6 Ne8 32. Qxh7+ Kf8 33. Ne2 Rdxe4 34. Nf4 Rxf4 35. Qh6+ Ke7 36. Qxf4 Rxd5 37. Qe4+ Re5 38. Qb7+ Ke6 39. Qxa6 Nf6 40. Qc8+ Ke7 41. a5 c4 42. a6 Nh5 43. a7 Ng3+ 44. Kh2 Nf1+ 45. Kg1 Re1 46. a8=Q 1-0


[Site "https://www.chess.com"]

[Event "Titled Tuesday Blitz May 23 Early 2023"]
[White "Martinez Ramirez, Lennis"]
[Black "Wadsworth, Matthew J"]
[WhiteFideId "3509079"]
[BlackFideId "415804"]
[WhiteElo "2410"]
[BlackElo "2347"]
[Result "1-0"]
[Round "09"]
[TimeControl "180+2"]
[Date "2023.05.23"]
[WhiteClock "0:00:35"]
[BlackClock "0:00:17"]

1. d4 Nf6 2. c4 c5 3. d5 e6 4. Nc3 exd5 5. cxd5 d6 6. Nf3 g6 7. Bf4 a6 8. h3 b5 9. e3 Bg7 10. a4 b4 11. Nb1 O-O 12. Bc4 Ne8 13. Qb3 Nd7 14. a5 Qe7 15. Nbd2 Bb7 16. O-O Nc7 17. e4 f5 18. Rae1 fxe4 19. Rxe4 Qf6 20. Rb1 Rae8 21. Bg3 Kh8 22. Qa4 Rxe4 23. Nxe4 Qf5 24. Re1 Re8 25. Nxd6 Rxe1+ 26. Nxe1 Qb1 27. Qxd7 Qxe1+ 28. Kh2 1-0


[Site "https://www.chess.com"]